 Dungeon Crawl Stone Soup version 0.18-a0-1577-gf591c28 (webtiles) character file.

24 M4edhros the Charlatan (level 3, -2/23 HPs)
             Began as an Octopode Artificer on Mar 19, 2016.
             Slain by a gnoll
             ... wielding a +0 halberd
              (9 damage)
             ... on level 2 of the Dungeon.
             The game lasted 00:00:37 (695 turns).

M4edhros the Charlatan (Octopode Artificer)          Turns: 695, Time: 00:00:38

Health: -2/23      AC:  1    Str: 10    XL:     3   Next: 2%
Magic:  5/5        EV: 13    Int: 14    God:
Gold:   69         SH:  0    Dex: 13    Spells: 0 memorised, 2 levels left

rFire  . . .     SeeInvis .     a - +0 short sword
rCold  . . .     Gourm    .     (no shield)
rNeg   . . .     Faith    .     (helmet restricted)
rPois  .         Spirit   .     (no amulet)
rElec  .         Dismiss  .     (no ring)
rCorr  .         Reflect  .     (no ring)
SustAt .         Harm     .     (no ring)
MR     .....                    (no ring)
Stlth  +++.......               (no ring)
                                (no ring)
                                (no ring)
                                (no ring)

@: not resistant to hostile enchantments, fairly stealthy
A: almost no armour, amphibious, 8 rings, constrict 8, camouflage 1, gelatinous
body 1
a: no special abilities


You were on level 2 of the Dungeon.
You were not hungry.

You visited 1 branch of the dungeon, and saw 2 of its levels.

You collected 69 gold pieces.

Inventory:

Hand Weapons
 a - a +0 short sword (weapon)
Missiles
 e - 71 stones (quivered)
Wands
 b - a wand of flame (15/48)
 c - a wand of enslavement (15/24)
 d - a wand of random effects (15/48)
Scrolls
 h - a scroll of fog {unknown}
 i - a scroll of immolation {unknown}
 j - a scroll of remove curse {unknown}
Potions
 g - a potion of cancellation
 k - a potion of resistance {unknown}
Comestibles
 f - a bread ration
 l - a meat ration


   Skills:
 - Level 1.0 Fighting
 - Level 1.0 Short Blades
 + Level 2.7 Dodging
 + Level 3.1 Stealth
 - Level 3.2 Evocations


You had 2 spell levels left.
You didn't know any spells.

Dungeon Overview and Level Annotations

Branches:
Dungeon (2/15)

Altars:
Nemelex Xobeh


Innate Abilities, Weirdness & Mutations

You cannot wear most types of armour.
You are amphibious.
You can wear up to eight rings at the same time.
You can use your tentacles to constrict eight enemies at once.
Your skin changes colour to match your surroundings (Stealth).
Your rubbery body absorbs attacks (AC +1).


Message History

The bat barely misses you.
The gnoll throws a throwing net.
The throwing net hits you.
You become entangled in the net!
You see here a throwing net.
You try to slip out of the net.
The bat barely misses you. The bat closely misses you.
You try to slip out of the net.
The bat hits you but does no damage.
The gnoll hits you from afar with a spear.
The gnoll hits you with a whip.
You slip out of the net!
The bat closely misses you. The gnoll closely misses you.
The gnoll hits you from afar with a spear!
The bat barely misses you. The gnoll closely misses you.
The bat closely misses you. The bat hits you. The gnoll barely misses you.
Found a stone staircase leading down.
A rat comes into view.
Drink which item? (? for menu, Esc to quit)
It was a potion of cancellation.
You feel magically purged. The bat closely misses you.
The bat barely misses you.
The gnoll hits you from afar with a halberd!
You die...

### . #.. .
###### #.#.#
.#.....##.#.# #
........#.#.#r###
.....!...........
>......bgg.......
.......@b.g......
.........g.......
........?........
.................
.#...............
###.###.........
#. ##........ ..
........#


You could see 3 gnolls, a hobgoblin, 2 bats and a rat (wandering).

Vanquished Creatures
  An ooze (D:1)
  A dart slug (D:1)
  A giant gecko (D:1)
  2 ball pythons (D:1)
  A giant cockroach (D:1)
  3 goblins (D:1)
  4 bats (D:1)
  2 giant newts (D:1)
  4 rats (D:1)
19 creatures vanquished.

Notes
Turn   | Place    | Note
--------------------------------------------------------------
     0 | D:1      | M4edhros the Octopode Artificer began the quest for the Orb.
     0 | D:1      | Reached XP level 1. HP: 13/13 MP: 3/3
    43 | D:1      | Reached XP level 2. HP: 8/18 MP: 4/4
   561 | D:1      | Reached XP level 3. HP: 23/23 MP: 5/5
   656 | D:1      | Found a sparkling altar of Nemelex Xobeh.
   695 | D:2      | Slain by a gnoll

Vault maps used:
D:1:      dpeg_arrival_boxorama, nemelex_diamond_rough_becter
D:2:      grunt_qazlal_clouds, uniq_natasha, uniq_terence

Skill      XL: |  1  2 |
---------------+-------+-----
Stealth        | 2 3 |  3.1
Fighting       | |  1.0
Short Blades   | |  1.0
Dodging        | |  2.7
Evocations     | |  3.2

Action                   || total
-------------------------++-------
Melee: Short sword       ||    32
  Use: Potion            ||     1
 Stab: Sleeping          ||     8
